Unix NetHack Version 5.0.0-0 post-release - last build May 10 2026 23:12:36 (d1fa5d53e341ca933230fdaa984d921c805b60aa,branch:main).

Game began 2026-05-11 13:33:15, ended 2026-05-11 16:54:08.

GdeVolpiano, lawful male human Archeologist

                                                         --- ---------
                                                         |.   .......|
                                                       ---.|   |.---.|
                                                       |...|   |.|...|
                                                   -----.|.-----.|.--|
                                                   |.....|.......|...|
                             -----------           -.. |[---.---.---.|.|
                             |....*....|           .   |...|.|.....|...|
                        -----|.........|               |.|.--|.....|--.|
                        .....-....<....|               |.|...|..{..| |'|
                         ---.|.........|               ---.|.|.....| |@|
                           |.|.........|.|           ......|.|.....| |e|
                           |.-----------*|       ---.......|.|--.---
                           |.... |........       |.....*.|.|.|  .|
                           ---.--|.-----%|       -.|%..|.---.|
                             |...|.|..*..|       ..|...|.....|
                             |.|.|.|.-.---.|...---.|------.--
                               |...|...............|
                               ---------------------
GdeVolpiano the Exhumer    St:13 Dx:12 Co:17 In:13 Wi:15 Ch:16  Lawful
Dlvl:12 $:37 HP:0(76) Pw:31(63) AC:4  Xp:10 T:14758  Burdened

Latest messages:
 You hit the ghoul!
 You hit the ghoul!
 You hit the ghoul!
 You destroy the ghoul!
 You hit the kobold mummy!
 You miss the kobold mummy.
 The kobold mummy hits!
 You hit the kobold mummy!
 You miss the kobold mummy.
 You destroy the kobold mummy!
 You see here a mummy wrapping.
 You see here a mummy wrapping.
 A lit field surrounds you!
 A lit field surrounds you!
 A lit field surrounds you!
 A lit field surrounds you!
 A lit field surrounds you!
 A lit field surrounds you!
 You have a little trouble lifting B - a scroll of light.
 You fail to cast the spell correctly.
 You fail to cast the spell correctly.
 A lit field surrounds you!
 You miss the floating eye.
 You are frozen by the floating eye's gaze!
 The rope golem hits!
 The rope golem hits again!
 The rope golem hits!
 The rope golem hits again!
 The rope golem grabs you!
 The rope golem hits!
 The rope golem hits again!
 You are being choked.
 The rope golem hits!
 The rope golem hits again!
 You are being choked.
 The rope golem hits!
 The rope golem hits again!
 You are being choked.
 The rope golem hits!
 The rope golem hits again!
 You are being choked.
 The rope golem hits!
 The rope golem hits again!
 You are being choked.
 You die...
 Do you want your possessions identified? [ynq] (y)
 Do you want to see your attributes? [ynq] (y)
 Do you want an account of creatures vanquished? [ynaq] (y)
 Do you want to see your conduct and achievements? [ynq] (y)
 Do you want to see the dungeon overview? [ynq] (y)

Inventory:
 Coins    ('$')
  $ - 37 gold pieces
 Amulets  ('"')
  A - an uncursed amulet versus poison (being worn)
 Weapons  (')')
  n - the +3 Demonbane (wielded in right hand)
  e - a blessed +4 dwarvish mattock
  o - a +0 scimitar (wielded in left hand)
 Armor    ('[')
  P - an uncursed very rusty +1 helm of telepathy
  I - an uncursed thoroughly rusty +0 pair of gauntlets of power
  s - an uncursed +0 pair of speed boots (being worn)
  O - an uncursed +0 cloak of magic resistance
  v - an uncursed +0 dwarvish mithril-coat
 Comestibles  ('%')
  r - 2 uncursed figs
  x - an uncursed lizard corpse
 Scrolls  ('?')
  z - a cursed scroll of confuse monster
  B - an uncursed scroll of light
 Spellbooks  ('+')
  u - an uncursed spellbook of light
 Rings    ('=')
  c - an uncursed ring of see invisible (on right hand)
 Tools    ('(')
  b - an uncursed bag of holding containing 21 items
  D - a cursed credit card
  w - an uncursed magic whistle
  d - an uncursed towel
  h - a +0 unicorn horn
  q - a +0 unicorn horn
 Gems/Stones  ('*')
  t - 2 uncursed emeralds
  y - 2 uncursed rubies
  g - an uncursed touchstone

Contents of the bag of holding:
  2718 gold pieces
  an uncursed fig
  an uncursed slime mold
  an uncursed banana
  2 uncursed candy bars labeled "Chocolate Nuggie"
  an uncursed candy bar labeled "Crispy Yum Yum"
  an uncursed carrot
  2 uncursed cloves of garlic
  4 uncursed cram rations
  7 uncursed food rations
  3 uncursed lembas wafers
  an uncursed orange
  4 uncursed tripe rations
  an uncursed lizard corpse
  a wand of teleportation (0:5)
  a wand of undead turning (0:4)
  an expensive camera (0:91)
  an uncursed aquamarine stone
  a cursed diamond
  2 uncursed rubies
  2 uncursed turquoise stones

GdeVolpiano the Archeologist's attributes:

Background:
 You were an Exhumer, a level 10 male human Archeologist.
 You were lawful, on a mission for Quetzalcoatl
 who was opposed by Camaxtli (neutral) and Huhetotl (chaotic).
 You were right-handed.
 You were in the Gnomish Mines, on level 12.
 You entered the dungeon 14758 turns ago.
 You had 9442 experience points, 558 more were needed to attain level 11.

Basics:
 You had 0 out of 76 hit points.
 You had 31 out of 63 energy points (spell power).
 Your armor class was 4.
 Your wallet contained 37 zorkmids, and
 you had 2718 more stashed away in your pack.
 Autopickup was on for '$?!/="+' plus thrown, with exceptions.

Final Characteristics:
 Your strength was 13 (limit:18/100).
 Your dexterity was 12 (limit:18).
 Your constitution was 17 (limit:18).
 Your intelligence was 13 (limit:18).
 Your wisdom was 15 (limit:18).
 Your charisma was 16 (limit:18).

Final Status:
 You were held by a rope golem (north).
 You weren't hungry.
 You were burdened; movement was slightly slowed.
 You were wielding two weapons at once.
 You had basic skill with mace and two weapons.
 Your skill in saber was limited by being basic with two weapons.

Final Attributes:
 You were piously aligned.
 You were poison resistant.
 You saw invisible.
 You were telepathic.
 You had automatic searching.
 You were stealthy.
 You had a small defense bonus (+5).
 You were warded.
 You were very fast.
 You are dead.

Miscellaneous:
 You encountered 2 bones levels.
 Total elapsed playing time was 2 hours, 47 minutes and 10 seconds.

Major events:
 Turn
    1: GdeVolpiano the lawful male human Archeologist entered the dungeon
 1064: attained the rank of Field Worker (level 3)
 2068: entered the Gnomish Mines
 2508: attained the rank of Investigator (level 6)
 2867: reached Mine Town
 7025: entered Sokoban
 7452: was bestowed with Demonbane by Quetzalcoatl
 7518: entered the Bigroom
 8899: completed 1st Sokoban level
 9906: completed 2nd Sokoban level
10489: completed 3rd Sokoban level
10828: attained the rank of Exhumer (level 10)
11885: completed 4th Sokoban level
12302: acquired the Sokoban bag of holding
14758: killed by a rope golem, while frozen by a floating eye's gaze

Spells:
 Name                 Level Category     Fail Retention
 chain lightning        2   attack        34%  76%-100%
 healing                1   healing       14%  76%-100%
 slow monster           2   enchantment   34%  76%-100%
 light                  1   divination    14%  76%-100%

Skills:
 Fighting Skills
   bare handed combat [Unskilled]
   two weapon combat  [Basic]
   riding             [Unskilled]
 Weapon Skills
   dagger             [Unskilled]
   knife              [Unskilled]
   pick-axe           [Skilled]
   short sword        [Unskilled]
   saber              [Skilled]
   club               [Unskilled]
   mace               [Basic]
   quarterstaff       [Unskilled]
   sling              [Unskilled]
   dart               [Unskilled]
   boomerang          [Unskilled]
   whip               [Basic]
   unicorn horn       [Unskilled]
 Spellcasting Skills
   attack spells      [Unskilled]
   healing spells     [Unskilled]
   divination spells  [Unskilled]
   matter spells      [Unskilled]

Voluntary challenges:
 Character rerolling was not enabled.
 You never genocided any monsters.
 You never changed form.
 You used no wishes.
 You violated the special Sokoban rules thrice.
Achievements:
 You entered a shop.
 You attained the rank of Field Worker.
 You entered the Gnomish Mines.
 You attained the rank of Investigator.
 You entered Minetown.
 You entered a temple.
 You entered Sokoban.
 You entered the Big Room.
 You attained the rank of Exhumer.
 You completed Sokoban.

 The Dungeons of Doom: levels 1 to 11
    Level 1:
       Some fountains.
    Level 2:
       An armor shop, a fountain.
    Level 3:
       A fountain.
    Level 4:
       Some sinks.
       Stairs down to The Gnomish Mines.
    Level 5:
    Level 6:
       A general store, a fountain, a sink, a grave.
    Level 7:
    Level 8:
       A grave.
    Level 9:
       Many fountains.
    Level 10:
       A general store, an altar to Quetzalcoatl.
       Stairs up to Sokoban, level 9.
    Level 11:
       A very big room.
 The Gnomish Mines: levels 5 to 12
    Level 5:
    Level 6:
    Level 7:
       Many shops, a temple and an altar, some fountains, a grave.
       Final resting place for
          Perugi-Tou-Hum-Mal-Neu, killed by a crossbow bolt.
    Level 8:
    Level 9:
    Level 10:
    Level 11:
       A grave.
       Final resting place for
          Gadzook-Wiz-Hum-Mal-Neu, killed by a bolt of cold zapped by himself.
    Level 12: <- You were here.
       A fountain.
       Final resting place for
          you, killed by a rope golem, while frozen by a floating eye's gaze.
 Sokoban: levels 9 up to 6
    Level 6:
       Solved.
    Level 7:
       Solved.
    Level 8:
       Solved.
    Level 9:
       Solved.


Vanquished creatures:
  a baby orange dragon
  a watch captain
  a ghost
  2 giant mimics
  2 ogre tyrants
 an umber hulk
  a doppelganger
  a large mimic
  2 wumpuses
  2 stalkers
 an air elemental
  a warg
  a small mimic
  2 xans
  a wood golem
  a large dog
  4 flaming spheres
  2 shocking spheres
  2 tigers
  a gargoyle
  a leocrotta
  a mountain centaur
 an elf mummy
  a human mummy
  a red naga
  2 pythons
  a pit viper
  a wraith
  2 ettin zombies
  a leather golem
  2 Grey-elves
  2 soldiers
  2 watchmen
 an amorous demon
  a crocodile
  3 giant beetles
  a quivering blob
  4 cockatrices
  a wolf
  4 winter wolf cubs
  a lynx
  2 gremlins
  3 leprechauns
  2 iron piercers
  a giant spider
  2 horses
  2 vampire bats
  a forest centaur
  a gnome ruler
 an orc mummy
  a dwarf mummy
  3 ogres
  2 brown puddings
  2 rust monsters
 an owlbear
  2 yetis
  a werewolf
  3 Green-elves
  4 lizards
  3 chickatrices
  3 dogs
  3 jaguars
  a dwarf leader
  2 white unicorns
  a gray unicorn
  a black unicorn
  2 ravens
  a plains centaur
  4 snakes
 an ape
  6 human zombies
  5 Woodland-elves
  a soldier ant
 an imp
  a quasit
  3 water nymphs
  2 mountain nymphs
  6 Mordor orcs
  2 Uruk-hai
 an orc shaman
  3 rock piercers
  3 rock moles
  a pony
  3 fog clouds
  7 yellow lights
  4 shriekers
  a violet fungus
 15 gnome leaders
  3 gnomish wizards
  2 kobold mummies
  2 gray oozes
  2 elf zombies
  2 ghouls
  a straw golem
  a paper golem
  3 giant ants
  2 little dogs
  a floating eye
  2 kittens
 11 dwarves
  4 homunculi
  a kobold shaman
 14 hill orcs
  7 rothes
  a rabid rat
  2 giant bats
  2 monkeys
  2 orc zombies
  4 dwarf zombies
  2 wererats
  8 iguanas
  8 killer bees
  3 acid blobs
  a coyote
  a hobbit
  7 manes
  a large kobold
  2 hobgoblins
  7 giant rats
  3 cave spiders
  2 yellow molds
  a green mold
  a red mold
 44 gnomes
 10 garter snakes
  4 gnome zombies
 10 geckos
 11 jackals
  2 foxes
  a kobold
  5 goblins
  5 sewer rats
  7 grid bugs
  7 lichens
  3 kobold zombies
  7 newts
417 creatures vanquished.

No species were genocided or became extinct.

Game over:
                       ----------
                      /          \
                     /    REST    \
                    /      IN      \
                   /     PEACE      \
                  /                  \
                  |   GdeVolpiano    |
                  |     2755 Au      |
                  | killed by a rope |
                  |      golem       |
                  |                  |
                  |                  |
                  |       2026       |
                 *|     *  *  *      | *
        _________)/\\_//(\/(/\)/\//\/|_)_______

Goodbye GdeVolpiano the Archeologist...

You died in The Gnomish Mines on dungeon level 12 with 40908 points,
and 2755 pieces of gold, after 14758 moves.
You were level 10 with a maximum of 76 hit points when you died.

